 Dungeon Crawl Stone Soup version 0.30-a0-928-g7f6bbad527 (webtiles) character file.

Game seed: 3647519663251608937

341 Morbidden the Grave Robber (level 6, 44/44 HPs)
             Began as a Demonspawn Necromancer on Mar 23, 2023.
             Quit the game on level 3 of the Dungeon.
             The game lasted 00:03:07 (3467 turns).

Morbidden the Grave Robber (Demonspawn Necromancer) Turns: 3467, Time: 00:03:07

Health: 44/44      AC:  3    Str:  9    XL:     6   Next: 30%
Magic:  12/12      EV: 12    Int: 24    God:
Gold:   88         SH:  0    Dex: 13    Spells: 9/13 levels left

rFire   + . .      SeeInvis .    (no weapon)
rCold   + . .      Faith    .    (no shield)
rNeg    . . .      Spirit   .    a - +0 robe
rPois   +          Reflect  .    (helmet restricted)
rElec   .          Rampage  .    t - scarf {rC+ rF+}
rCorr   .                        (no gloves)
Will    .....                    g - +0 pair of boots
Stlth   ++                       (no amulet)
HPRegen 0.27/turn                h - +6 ring of intelligence
MPRegen 0.13/turn                k - ring of poison resistance

@: no status effects
A: antennae 1, demonic guardian 2
a: no special abilities


You were on level 3 of the Dungeon.
You visited 1 branch of the dungeon, and saw 3 of its levels.

You collected 88 gold pieces.

Inventory:

Armour
 a - a +0 robe (worn)
 g - a +0 pair of boots (worn)
 q - a +0 cloak
 t - a scarf of resistance (worn)
Jewellery
 h - a +6 ring of intelligence (left hand)
 k - a ring of poison resistance (right hand)
Wands
 s - a wand of flame (19)
Scrolls
 c - 4 scrolls of identify {unknown}
 e - 2 scrolls of magic mapping {unknown}
 j - 6 scrolls of teleportation {unknown}
 o - a scroll of silence {unknown}
 r - 2 scrolls of enchant armour {unknown}
Potions
 b - a potion of magic
 d - a potion of lignification {unknown}
 f - a potion of brilliance {unknown}
 i - 2 potions of haste {unknown}
 l - a potion of attraction {unknown}
 m - 2 potions of flight {unknown}
 n - a potion of might
 p - a potion of berserk rage {unknown}
 u - a potion of curing {unknown}


   Skills:
 * Level 1.8 Fighting
 * Level 1.0 Armour
 * Level 2.7 Dodging
 + Level 1.8 Stealth
 * Level 4.2 Spellcasting
 * Level 5.7 Necromancy


You had 9 spell levels left.
You knew the following spells:

 Your Spells              Type           Power      Damage    Failure   Level
a - Necrotise             Necr           100%       1d9       1%          1
b - Vampiric Draining     Necr           32%        2d8       2%          3

Your spell library contained the following spells:

 Spells                   Type           Power      Damage    Failure   Level
 Animate Dead             Necr           32%        N/A       9%          4
 Freeze                   Ice            20%        1d4       10%         1
 Agony                    Necr           32%        N/A       26%         5
 Frozen Ramparts          Ice            10%        1d2       28%         3
 Hailstorm                Conj/Ice       5%         3d4       28%         3


Dungeon Overview and Level Annotations

Branches:
Dungeon (3/15)

Altars:


Innate Abilities, Weirdness & Mutations

You have a pair of small antennae on your head.
A demonic guardian rushes to your aid.


Message History

Aiming: Necrotise (safe; 1% risk of failure)
Press: ? - help, Shift-Dir - straight line, f/p - Crazy Yiuf
Aim: Crazy Yiuf, wielding a +3 quarterstaff of chaos and wearing a +0 cloak (lightly wounded, chance to affect: 88%) Crazy Yiuf writhes in agony!
Crazy Yiuf waves his quarterstaff at you.
Crazy Yiuf hits you with a +3 quarterstaff of chaos!
You are electrocuted!
Casting: Necrotise (safe; 1% risk of failure)
Confirm with . or Enter, or press ? or * to list all spells.
Aiming: Vampiric Draining (dangerous; 2% risk of failure)
Press: ? - help, Shift-Dir - straight line, f/p - Crazy Yiuf
Aim: Crazy Yiuf, wielding a +3 quarterstaff of chaos and wearing a +0 cloak (heavily wounded)
You draw life force from Crazy Yiuf!
You feel life coursing into your body.
Crazy Yiuf drinks a potion.
Crazy Yiuf seems to grow stronger.
Casting: Vampiric Draining (dangerous; 2% risk of failure)
Confirm with . or Enter, or press ? or * to list all spells.
Aiming: Vampiric Draining (dangerous; 2% risk of failure)
Press: ? - help, Shift-Dir - straight line, f/p - Crazy Yiuf
Aim: Crazy Yiuf, wielding a +3 quarterstaff of chaos and wearing a +0 cloak (severely wounded, strong)
You draw life force from Crazy Yiuf!
You kill Crazy Yiuf!
You feel life coursing into your body.
Casting: Vampiric Draining (dangerous; 2% risk of failure)
Confirm with . or Enter, or press ? or * to list all spells.
You can't see any susceptible monsters within range! (Use Z to cast anyway.) Unknown command.
Casting: Vampiric Draining (dangerous; 2% risk of failure)
Confirm with . or Enter, or press ? or * to list all spells.
You can't see any susceptible monsters within range! (Use Z to cast anyway.) Unknown command.
There is an open translucent door here.
Things that are here:
a +3 quarterstaff of chaos; a +0 cloak; the gnoll corpse of Crazy Yiuf Unknown command.
Done exploring.
Done exploring.
Done exploring.
Done exploring.
Done exploring.
Are you sure you want to abandon this character and quit the game? (Confirm with "yes".)

#........#
#..........
##########
#..........
#........##
#........##
#(.......##
#####
#######..##
#..)#
####.##
#...#
#......
#.@.#
#......
##)##
#......
##.#
#......
#.##
####.#.
##.# #.#.
########
#.## #.#.
#......#
##.## #.#.
#......#
#...## #.#.
#......#
#....# #.#.


There were no monsters in sight!

Vanquished Creatures
  Pargi (D:3)
  Crazy Yiuf (D:3)
  Jessica (D:3)
  Terence (D:2)
  Natasha (twice) (D:2)
  3 adders
  A worm (D:2)
  2 dart slugs
  4 endoplasms
  4 giant cockroaches
  6 goblins
  6 hobgoblins
  2 quokkas (D:1)
  5 ball pythons
  3 bats
  4 frilled lizards
  5 kobolds
  4 rats
55 creatures vanquished.

Vanquished Creatures (collateral kills)
  Natasha (D:2)
  A hobgoblin (D:1)
  A kobold (D:1)
  A frilled lizard (D:1)
4 creatures vanquished.

Grand Total: 59 creatures vanquished

Notes
Turn   | Place    | Note
-------+----------+-------------------------------------------
     0 | D:1      | Morbidden the Demonspawn Necromancer began the quest for
                  | the Orb.
     0 | D:1      | Reached XP level 1. HP: 13/13 MP: 3/3
   230 | D:1      | Gained mutation: A weak demonic guardian rushes to your
                  | aid. [demonic ancestry]
   230 | D:1      | Reached XP level 2. HP: 5/19 MP: 0/5
   556 | D:1      | Reached skill level 5 in Necromancy
   884 | D:1      | Reached XP level 3. HP: 24/24 MP: 3/6
  1040 | D:2      | Noticed Terence
  1058 | D:2      | Killed Terence
  1292 | D:2      | Noticed Natasha
  1296 | D:2      | Killed Natasha
  1297 | D:2      | Gained mutation: A demonic guardian rushes to your aid.
                  | [demonic ancestry]
  1297 | D:2      | Reached XP level 4. HP: 12/31 MP: 3/8
  1461 | D:2      | Noticed Natasha
  1475 | D:2      | Killed Natasha
  1583 | D:2      | Learned a level 3 spell: Vampiric Draining
  1664 | D:2      | Noticed Natasha
  1667 | D:2      | Killed Natasha
  1668 | D:2      | Reached skill level 1 in Fighting
  1668 | D:2      | Reached XP level 5. HP: 36/37 MP: 2/10
  2547 | D:3      | Found a runed translucent door.
  2548 | D:3      | Noticed Crazy Yiuf
  2906 | D:3      | Noticed Jessica
  2913 | D:3      | Killed Jessica
  3113 | D:3      | Noticed Pargi
  3122 | D:3      | Killed Pargi
  3123 | D:3      | Reached skill level 1 in Armour
  3123 | D:3      | Gained mutation: You have a pair of small antennae on your
                  | head. [demonic ancestry]
  3123 | D:3      | Reached XP level 6. HP: 22/44 MP: 0/12
  3407 | D:3      | Killed Crazy Yiuf
  3467 | D:3      | Quit the game

Illustrated notes

Levels and vault maps discovered:
D:1:      psy_arrival_heroes, layout_basic, chequers_serial_rivers_marsh
D:2:      minmay_chambers_of_ones, layout_basic, uniq_terence, uniq_natasha
D:3:      layout_basic, uniq_jessica, uniq_pargi, uniq_crazy_yiuf_cottage

Skill      XL: |  1  2  3  4  5 |
---------------+----------------+-----
Necromancy     | 5 |  5.7
Spellcasting   | 3 4 |  4.2
Fighting       | 1 |  1.8
Dodging        | 2 |  2.7
Armour         | 1 |  1.0
Stealth        | |  1.8

Action                     |  1- 3 |  4- 6 || total
---------------------------+-------+-------++-------
  Melee: Unarmed           |    11 |     6 ||    17
   Cast: Necrotise         |    50 |    57 ||   107
         Vampiric Draining |       |     6 ||     6
   Stab: Distracted        |     1 |       ||     1
 Armour: Robe              |     5 |     1 ||     6
  Dodge: Dodged            |    14 |    17 ||    31

Table legend: (Time is in decaauts)
 A = Elapsed time spent in this place.
 B = Non-inter-level travel time spent in this place.
 C = Inter-level travel time spent in this place.
 D = Time resting spent in this place.
 E = Time spent auto-exploring this place.
 F = Levels seen in this place.
 G = Mean time per level.
                   A        B        C        D        E       F      G
               +--------+--------+--------+--------+--------+-----+--------+
         Total |   3472 |   3370 |    102 |    197 |   2809 |   3 | 1157.3 |
       Dungeon |   3472 |   3370 |    102 |    197 |   2809 |   3 | 1157.3 |
               +--------+--------+--------+--------+--------+-----+--------+

Top non-repeatable levels by time:
     D:3: 1242 daAuts
     D:2: 1216 daAuts
     D:1: 1012 daAuts
